 Dungeon Crawl Stone Soup version 0.14-a0-445-g388476e (webtiles) character file.

260 4tharraofdagon the Chopper (level 5, -3/41 HPs)
             Began as a Djinni Berserker on Oct 30, 2013.
             Was a Believer of Trog.
             Slain by an ogre
             ... wielding a +0,+0 giant club
              (23 damage)
             ... on Level 8 of the Dungeon.
             The game lasted 00:02:20 (603 turns).

4tharraofdagon the Chopper (Djinni Berserker)        Turns: 603, Time: 00:02:21

HP  -3/41        AC 11     Str 18      XL: 5   Next: 60%
MP   0/0         EV  4     Int  8      God: Trog [**....]
Gold 46          SH  0     Dex 12      Spells:  0 memorised,  4 levels left

Res.Fire  : + + +   See Invis. : .   a - +0 hand axe
Res.Cold  : x . .   Warding    : .   d - +0 plate armour
Life Prot.: + + +   Conserve   : .   (no shield)
Res.Poison: .       Res.Corr.  : .   (no helmet)
Res.Elec. : .       Clarity    : .   (no cloak)
Sust.Abil.: . .     Spirit.Shd : .   (no gloves)
Res.Mut.  : .       Stasis     : .   (boots unavailable)
Res.Rott. : .       Flight     : .   (no amulet)
Saprovore : . . .                    (no ring)
                                     (no ring)

@: mildly poisoned, slightly resistant to hostile enchantments, extremely
unstealthy
A: fire immunity, cold vulnerability, life protection 3
a: Burn Spellbooks, Berserk, Trog's Hand, Renounce Religion


You were on level 8 of the Dungeon.
You worshipped Trog.
Trog was pleased with you.
You were not hungry.

You visited 1 branch of the dungeon, and saw 8 of its levels.

You collected 26 gold pieces.

Inventory:

Hand weapons
 a - a +0,+0 hand axe (weapon)
Armour
 b - a +0 animal skin
 d - a +0 plate armour (worn)
Scrolls
 c - 5 scrolls of identify {unknown}
 e - a scroll of teleportation {unknown}
 f - a scroll of magic mapping {unknown}
 g - a scroll of fog {unknown}
 h - a scroll of remove curse {unknown}
Books
 i - a book of Transfigurations

   Spells                             Type                      Level
   Stoneskin                          Transmutation/Earth          2
   Ice Form                           Ice/Transmutation            4
   Statue Form                        Transmutation/Earth          6
   Dragon Form                        Transmutation                7
   Trog disapproves of the use of such an item.


   Skills:
 + Level 3.7 Fighting
 * Level 4.4 Axes
 + Level 3.7 Armour
 - Level 1.7 Dodging


You had 4 spell levels left.
You didn't know any spells.

Dungeon Overview and Level Annotations

Branches:
Dungeon (8/27)
 Temple: D:4-7          Orc: D:6-11        Lair: D:8-13

Altars:


Innate Abilities, Weirdness & Mutations

You are immune to all types of fire, even holy and hellish.
You are vulnerable to cold.
You need no food.
You have no legs.
You are immune to negative energy.


Message History

You barely miss the ogre. You hit the adder.
The adder is heavily wounded.
The adder bites you but does no damage. The ogre hits you with a giant club!
You barely miss the ogre. You hit the adder but do no damage.
The adder is heavily wounded.
The adder bites you but does no damage. The adder barely misses you.
You hit the ogre.
The ogre is lightly wounded.
You hit the adder.
The adder is severely wounded.
The ogre hits you with a giant club! The adder bites you but does no damage.
You hit the ogre.
The ogre is lightly wounded.
You miss the adder.
The adder is severely wounded.
The adder bites you.
You are poisoned.
The adder poisons you! The ogre hits you with a giant club!
Ouch! That really hurt!
You die...

#. #.#######
#.......#
#.......+
#.......#
#.....(.#
#..OS...#
#..@....#
..........$......
#####.#.#.###..
#.#.#.# # #.# #
#.# #.# #.. ###


You could see an ogre and an adder.

Vanquished Creatures
  An ogre (D:4)
  3 worker ants
  2 giant mites (D:4)
  2 adders (D:2)
  3 bats
  A giant cockroach (D:2)
  3 hobgoblins
  3 goblins
  A kobold (D:7)
  3 rats
22 creatures vanquished.

Notes
Turn   | Place    | Note
--------------------------------------------------------------
     0 | D:1      | 4tharraofdagon, the Djinni Berserker, began the quest for the Orb.
     0 | D:1      | Reached XP level 1. HP: 16/16 MP: 0/0
   152 | D:2      | Reached skill level 3 in Axes
   152 | D:2      | Reached XP level 2. EP: 18/22
   369 | D:3      | You fall through a shaft!
   369 | D:4      | Noticed an ogre
   388 | D:4      | Killed an ogre
   388 | D:4      | Reached XP level 3. EP: 26/29
   388 | D:4      | Reached XP level 4. EP: 31/35
   467 | D:4      | Acquired Trog's second power
   467 | D:4      | Reached skill level 4 in Axes
   467 | D:4      | Reached XP level 5. EP: 41/41
   512 | D:4      | Noticed a phantom
   538 | D:5      | Entered Level 5 of the Dungeon
   598 | D:8      | Noticed an ogre
   603 | D:8      | Slain by an ogre

Action                   |  1- 3 |  4- 6 || total
-------------------------+-------+-------++-------
Melee: Hand axe          |    37 |    25 ||    62
Invok: Berserk           |     3 |     1 ||     4
  Use: Potion            |       |     1 ||     1
